Map: Catalyst LE

Players

ishy

  • Race: Protoss Protoss
  • Spawn Location: 5:00

Juxtapose - Winner!

  • Race: Protoss Protoss
  • League: Platinum
  • Spawn Location: 11:00

VOD

https://youtu.be/HfIySuw6GA0

Description

While I was completely outplayed last match, this was an insanely fun match. My opponent starts of with a Photon Cannon rush, and things get interesting from there.

Time

  • Played on: Jan. 24, 2018, 7:47 p.m.
  • Length: 21:15
Show
View Real Time Build Order
Export as new Build Order

ishy Protoss 

Build Orders:  

Get SALT Encoding   

  12  0:01  Probe  
  13  0:13  Probe  
  14  0:17  Pylon  
  14  0:25  Probe  
  15  0:37  Probe  
  15  0:40  Forge  
  16  0:49  Probe  
  17  0:57  Pylon  
  17  1:14  Gateway  
  17  1:30  Photon Cannon  
  17  1:35  Photon Cannon  
  17  1:52  Pylon  
  17  1:59  Pylon  
  15  2:15  Assimilator  
  15  2:18  Assimilator  
  15  2:22  Pylon  
  15  2:28  Cybernetics Core  
  15  2:33  Gateway  
  15  2:34  Gateway  
  15  2:36  Probe  
  16  3:04  Warp Gate (Chrono Boost)  
  16  3:05  Pylon  
  16  3:11  Probe (Chrono Boost)  
  17  3:23  Probe (Chrono Boost)  
  17  3:26  Stalker (Chrono Boost)  
  20  3:29  Probe (Chrono Boost)  
  23  3:37  Probe  
  23  3:39  Stalker x2 (Chrono Boost)  
  26  3:50  Probe  
  27  3:57  Stalker (Chrono Boost)  
  27  4:02  Probe  
  32  4:10  Stalker (Chrono Boost)  
  32  4:14  Pylon  
  32  4:23  Stalker (Chrono Boost)  
  36  4:36  Stalker (Chrono Boost)  
  36  5:10  Stalker x2  
  40  5:15  Stalker  
  24  5:53  Protoss Ground Weapons Level 1 (Chrono Boost)  
  22  5:58  Twilight Council  
  22  6:00  Stalker x3  
  28  6:07  Shield Battery  
  28  6:09  Shield Battery  
  28  6:11  Shield Battery  
  28  6:23  Stalker x2  
  28  6:24  Stalker  
  34  6:41  Dark Shrine  
  33  7:11  Stalker x2  
  33  7:12  Stalker  
  39  7:52  Dark Templar  
  39  7:54  Dark Templar  
  43  8:04  Nexus  
  43  8:13  Photon Cannon  
  43  8:17  Photon Cannon  
  31  8:38  Dark Templar  
  33  8:52  Protoss Ground Weapons Level 2 (Chrono Boost)  
  33  8:56  Assimilator  
  33  9:00  Assimilator  
  33  9:02  Pylon  
  27  9:56  Probe  
  24  10:01  Gateway  
  24  10:03  Gateway  
  24  10:04  Photon Cannon  
  22  10:08  Probe  
  23  10:16  Charge  
  23  10:20  Probe  
  24  10:24  Photon Cannon  
  24  10:26  Shield Battery  
  24  10:27  Shield Battery  
  24  10:33  Probe  
  25  10:45  Probe  
  27  10:57  Probe  
  27  10:58  Dark Templar  
  29  11:09  Probe  
  30  11:12  Zealot x2  
  34  11:18  Zealot  
  34  11:19  Zealot  
  34  11:21  Probe  
  39  11:33  Pylon, Probe  
  39  11:38  Zealot  
  39  11:39  Zealot  
  44  11:43  Protoss Ground Weapons Level 3 (Chrono Boost)  
  44  11:45  Probe  
  45  11:57  Probe, Zealot  
  45  11:58  Zealot  
  45  12:00  Zealot  
  52  12:09  Dark Templar, Probe  
  55  12:21  Stalker, Probe  
  55  12:22  Stalker x2  
  62  12:27  Archon  
  62  12:43  Zealot x2  
  66  12:45  Zealot  
  66  12:46  Zealot  
  66  12:48  Zealot  
  72  12:54  Pylon  
  48  13:26  Zealot  
  48  13:27  Zealot x4  
  36  13:52  Stalker  
  36  13:53  Stalker x2  
  40  14:01  Pylon  
  40  14:22  Zealot x2  
  40  14:23  Zealot  
  46  14:25  Probe  
  47  14:32  Pylon, Zealot x2  
  47  14:35  Protoss Shields Level 1 (Chrono Boost)  
  47  14:37  Probe  
  52  14:47  Photon Cannon  
  52  14:48  Photon Cannon  
  52  14:53  Zealot x3  
  52  14:58  Dark Templar  
  60  15:04  Dark Templar  
  62  15:25  Nexus  
  56  15:51  Zealot  
  56  15:52  Zealot x4  
  66  16:21  Dark Templar  
  66  16:22  Dark Templar x3  
  74  16:27  Archon x3  
  74  16:44  Probe (Chrono Boost)  
  75  16:52  Assimilator  
  76  16:54  Assimilator, Probe (Chrono Boost)  
  76  16:58  Pylon  
  76  16:59  Probe (Chrono Boost)  
  77  17:03  Stalker x2  
  77  17:04  Stalker  
  77  17:07  Stalker  
  85  17:11  Probe  
  86  17:23  Probe  
  87  17:35  Probe  
  88  17:47  Probe  
  73  17:59  Probe  
  56  18:12  Zealot  
  46  18:13  Zealot x3  
  46  18:14  Zealot  
  54  18:20  Protoss Shields Level 2 (Chrono Boost)  
  54  18:31  Gateway  
  54  18:34  Stalker x2, Gateway  
  54  18:35  Stalker x2  
  54  18:36  Shield Battery, Stalker  
  54  18:38  Pylon  
  44  18:58  Dark Templar x2  
  44  18:59  Dark Templar  
  44  19:00  Dark Templar x2  
  38  19:46  Zealot  
  38  19:47  Zealot x2  
  38  19:51  Archon  
  38  19:52  Archon  
  44  19:58  Photon Cannon  
  44  19:59  Photon Cannon  
  44  20:00  Photon Cannon  
  44  20:01  Photon Cannon  
  44  20:03  Photon Cannon  
  44  20:05  Pylon  
  44  20:30  Gateway  
  44  20:32  Gateway  
  44  20:33  Pylon  
  44  20:34  Pylon, Dark Templar x2  
  48  20:39  Nexus  
  48  20:46  Archon  
  48  20:51  Pylon  
  48  20:54  Assimilator  
Show
View Real Time Build Order
Export as new Build Order

Juxtapose Protoss - Winner!

Build Orders:  

Get SALT Encoding   

  12  0:01  Probe  
  13  0:13  Probe  
  14  0:22  Pylon  
  14  0:25  Probe  
  15  0:40  Probe  
  15  0:41  Gateway  
  16  0:51  Assimilator  
  16  0:52  Probe  
  17  1:00  Assimilator  
  17  1:04  Probe  
  18  1:17  Probe  
  19  1:30  Forge  
  19  1:34  Cybernetics Core  
  19  1:45  Probe  
  22  2:06  Pylon  
  20  2:09  Pylon  
  20  2:18  Stalker  
  20  2:32  Shield Battery  
  20  2:45  Gateway  
  20  2:47  Pylon  
  20  2:51  Cybernetics Core  
  20  3:05  Photon Cannon  
  20  3:08  Photon Cannon  
  20  3:21  Probe  
  21  3:30  Gateway  
  21  3:33  Probe  
  22  3:35  Stalker  
  24  3:43  Warp Gate (Chrono Boost)  
  24  3:58  Stalker  
  26  4:13  Stalker  
  28  4:25  Probe  
  28  4:28  Stalker  
  31  4:37  Stalker  
  31  4:45  Protoss Ground Weapons Level 1 (Chrono Boost)  
  32  4:58  Stalker  
  34  5:02  Shield Battery  
  34  5:13  Stalker  
  34  5:52  Stalker  
  34  6:08  Nexus  
  34  6:11  Pylon  
  34  6:13  Stalker  
  34  6:14  Pylon  
  36  6:27  Gateway  
  36  6:28  Pylon  
  36  6:33  Protoss Ground Armor Level 1 (Chrono Boost)  
  36  6:38  Twilight Council  
  34  7:10  Stalker x2  
  38  7:23  Probe  
  38  7:28  Probe  
  40  7:35  Probe  
  41  7:40  Probe  
  42  7:44  Stalker  
  42  7:45  Stalker  
  42  7:47  Probe  
  47  7:52  Probe  
  48  7:59  Assimilator  
  48  8:03  Assimilator  
  48  8:05  Photon Cannon, Probe x2  
  50  8:07  Photon Cannon  
  50  8:17  Probe x2  
  48  8:21  Stalker x2  
  34  8:41  Probe x2  
  36  8:53  Stalker, Probe  
  39  9:01  Stalker x2  
  43  9:05  Probe (Chrono Boost)  
  44  9:15  Probe (Chrono Boost)  
  45  9:27  Probe  
  45  9:28  Robotics Facility  
  44  9:39  Probe  
  45  9:47  Stalker x2  
  45  9:48  Stalker  
  47  10:05  Photon Cannon  
  47  10:20  Observer (Chrono Boost)  
  48  10:21  Nexus  
  48  10:23  Pylon  
  48  10:24  Pylon  
  48  10:31  Shield Battery  
  48  10:34  Shield Battery, Immortal (Chrono Boost)  
  52  10:36  Stalker  
  54  10:47  Probe  
  55  11:03  Immortal (Chrono Boost)  
  59  11:11  Blink (Chrono Boost)  
  59  11:17  Stalker  
  59  11:18  Stalker  
  63  11:19  Stalker  
  63  11:22  Immortal  
  65  11:29  Protoss Ground Weapons Level 2 (Chrono Boost)  
  69  11:33  Probe x2  
  71  11:46  Assimilator  
  72  11:47  Probe (Chrono Boost)  
  72  11:49  Assimilator  
  72  11:51  Probe (Chrono Boost)  
  72  11:52  Photon Cannon  
  73  11:56  Stalker x2  
  73  11:57  Stalker  
  80  12:01  Probe (Chrono Boost)  
  80  12:20  Stalker x3  
  86  12:27  Probe  
  87  12:39  Probe  
  87  12:43  Stalker  
  90  12:44  Stalker x2  
  74  13:26  Stalker x3  
  72  13:29  Immortal  
  55  14:20  Stalker x3  
  59  14:25  Immortal (Chrono Boost)  
  59  14:27  Gateway  
  63  14:43  Probe  
  63  14:44  Probe x2  
  66  14:47  Stalker  
  66  14:50  Stalker x2  
  66  14:51  Protoss Ground Armor Level 2 (Chrono Boost)  
  72  14:56  Probe x2  
  72  14:57  Immortal (Chrono Boost)  
  78  15:10  Probe  
  79  15:21  Robotics Facility  
  79  15:23  Probe  
  79  15:25  Stalker x3  
  86  15:33  Immortal (Chrono Boost)  
  82  15:52  Stalker x2  
  82  15:53  Stalker x2  
  90  16:05  Observer (Chrono Boost)  
  92  16:22  Immortal (Chrono Boost)  
  92  16:23  Observer (Chrono Boost)  
  96  16:32  Charge (Chrono Boost), Zealot x3  
  100  16:33  Zealot  
  104  16:44  Nexus  
  104  16:47  Pylon  
  104  16:48  Pylon  
  104  16:53  Gateway  
  104  16:54  Immortal  
  104  16:58  Gateway  
  104  16:59  Pylon  
  108  17:02  Pylon  
  108  17:04  Pylon  
  108  17:07  Immortal  
  112  17:20  Photon Cannon  
  112  17:24  Photon Cannon  
  112  17:25  Photon Cannon  
  112  17:26  Shield Battery  
  112  17:28  Shield Battery, Zealot  
  112  17:29  Zealot x3  
  120  17:31  Protoss Shields Level 1 (Chrono Boost)  
  120  17:38  Immortal  
  116  17:47  Immortal (Chrono Boost)  
  120  17:52  Stalker x4  
  106  18:19  Immortal (Chrono Boost), Photon Cannon  
  106  18:21  Photon Cannon  
  106  18:22  Immortal (Chrono Boost)  
  106  18:25  Zealot x3  
  106  18:26  Stalker  
  122  18:37  Probe (Chrono Boost)  
  123  18:46  Assimilator  
  122  18:48  Probe (Chrono Boost)  
  122  18:51  Assimilator  
  122  18:52  Stalker x3  
  122  18:53  Zealot x2  
  122  18:54  Zealot  
  120  19:16  Immortal (Chrono Boost)  
  100  19:24  Zealot  
  100  19:25  Stalker x2, Zealot  
  100  19:26  Stalker x2  
  92  19:40  Observer (Chrono Boost)  
  89  19:49  Observer (Chrono Boost)  
  89  19:51  Zealot x3  
  89  19:52  Stalker x2  
  100  19:53  Stalker  
  100  19:57  Immortal (Chrono Boost)  
  106  20:01  Observer (Chrono Boost)  
  106  20:03  Probe (Chrono Boost)  
  108  20:13  Probe (Chrono Boost)  
  109  20:14  Zealot x2  
  109  20:15  Stalker, Zealot  
  109  20:16  Stalker x2  
  109  20:18  Probe (Chrono Boost)  
  122  20:21  Immortal  
  126  20:29  Probe  
  126  20:31  Immortal  
  131  20:42  Nexus  
  131  20:50  Pylon  
  131  20:53  Pylon  
  123  21:03  Stalker x2  
  123  21:04  Stalker x2  
  122  21:06  Stalker, Zealot  
Tags
 
League
Platinum
Matchup
PvP
Spawn Locations
Cross Positions
Add a new tag
Caveats
  • Supply blocks, unpowered buildings, or Contaminate may cause inaccurate times.
  • Supply counts are checked every 10 seconds.